 Dungeon Crawl Stone Soup version 0.18-a0-1778-gadce9fa (webtiles) character file.

186 Duffy the Chopper (level 5, -11/39 HPs)
             Began as a Formicid Skald on Apr 16, 2016.
             Was an Initiate of Cheibriados.
             Mangled by an ogre
             ... wielding a +0 giant club
              (20 damage)
             ... on level 4 of the Dungeon.
             The game lasted 00:03:55 (3768 turns).

Duffy the Chopper (Formicid Skald)                  Turns: 3768, Time: 00:03:56

Health: -11/39     AC: 10    Str: 18    XL:     5   Next: 98%
Magic:  8/8        EV:  5    Int: 13    God:    Cheibriados [......]
Gold:   161        SH:  0    Dex: 11    Spells: 1 memorised, 7 levels left

rFire  . . .     SeeInvis +     x - +0 war axe
rCold  . . .     Gourm    .     l - +0 plate armour
rNeg   . . .     Faith    .     (no shield)
rPois  .         Spirit   .     (helmet unavailable)
rElec  .         Dismiss  .     (no cloak)
rCorr  +         Reflect  .     (no gloves)
SustAt .         Harm     .     (no boots)
MR     .....                    (no amulet)
Stlth  ..........               o - ring of resist corrosion
                                q - ring of teleportation (curse)

@: drained, very slow, not resistant to hostile enchantments, extremely
unstealthy
A: permanent stasis, dig shafts and tunnels, four strong arms, antennae 3
a: Dig, Shaft Self, Bend Time, Renounce Religion


You were on level 4 of the Dungeon.
You worshipped Cheibriados.
Cheibriados was noncommittal.
You were hungry.

You visited 1 branch of the dungeon, and saw 4 of its levels.

You collected 161 gold pieces.


Innate Abilities, Weirdness & Mutations

You are under a permanent stasis effect.
You can dig through walls and to a lower floor.
Your four strong arms can wield two-handed weapons with a shield.
You have a pair of large antennae on your head (SInv).


   Skills:
 + Level 2.3(2.2) Fighting
 * Level 5.5(5.3) Axes
 * Level 1.5(1.4) Armour
 - Level 0.8(0.7) Dodging
 - Level 2.1(2.0) Spellcasting
 - Level 3.0(2.8) Charms


You had 7 spell levels left.
You knew the following spells:

 Your Spells              Type           Power        Failure   Level  Hunger
a - Infusion              Chrm           #...         100%        1    ##.....

Inventory:

Hand Weapons
 x - a +0 war axe (weapon)
Armour
 l - a +0 plate armour (worn)
Jewellery
 o - a ring of resist corrosion (right hand)
 q - a cursed ring of teleportation (left hand)
Wands
 u - a wand of acid (4/15)
Scrolls
 a - a scroll of teleportation {unknown}
 e - a scroll of fear {unknown}
 g - a scroll of random uselessness {unknown}
 h - a scroll of remove curse {unknown}
 i - a scroll of identify
 k - a scroll of magic mapping {unknown}
 m - a scroll of enchant weapon {unknown}
 t - a scroll of blinking {unknown}
Potions
 b - a potion of invisibility {unknown}
 j - a potion of flight
 s - a potion of curing
 w - a potion of agility
Books
 c - a book of Battle
Comestibles
 d - 4 bread rations
 n - a beef jerky
 p - a meat ration
 r - a slice of pizza
 v - 5 chunks of flesh

Dungeon Overview and Level Annotations

Branches:
Dungeon (4/15)
 Temple: D:4-7

Altars:
Cheibriados
Nemelex Xobeh
Qazlal
Xom


Message History

You closely miss the ogre. The ogre barely misses you.
You barely miss the ogre. The ogre hits you with a giant club!
You hit the ogre but do no damage. The ogre barely misses you.
You hit the ogre.
The ogre is lightly wounded.
The ogre hits you with a giant club!
You slash the ogre!
The ogre is heavily wounded.
You slash the ogre!
The ogre is severely wounded.
The ogre hits you with a giant club!
You are feeling hungry.
You hit the ogre.
The ogre is almost dead.
The ogre hits you with a giant club.
You are too injured to fight recklessly!
You are too injured to fight recklessly!
You are too injured to fight recklessly!
You are too injured to fight recklessly!
You are too injured to fight recklessly!
You are too injured to fight recklessly!
You are too injured to fight recklessly!
You are too injured to fight recklessly!
You are too injured to fight recklessly!
You are too injured to fight recklessly!
You are too injured to fight recklessly!
You are too injured to fight recklessly!
You are too injured to fight recklessly!
You are too injured to fight recklessly!
You are too injured to fight recklessly!
You barely miss the ogre.
The ogre is almost dead.
The ogre hits you with a giant club!!
Ouch! That really hurt!
You die...

..#.##.#... #####.#)....
.. #.........
##.##.#......####
.............# ######.
.#.#...#.....# .......
#...#.#......# .......
.....#...#...####O......
.....#..#.......@.......
.....###...#..###!.....#
#...#..#..#...# ###.###
.#.#...###...## #
..#...#...#..#
..#..#.....#.#
#####........#
..#..#.....#.#
..#...#...#..#


You could see an ogre.

Action                   |  1- 3 |  4- 6 || total
-------------------------+-------+-------++-------
Melee: Hand axe          |   104 |   105 ||   209
       War axe           |       |    86 ||    86
  Use: Scroll            |       |     5 ||     5
  Eat: Chunk             |     2 |     7 ||     9
Armor: Leather armour    |    30 |       ||    30
       Plate armour      |    43 |   154 ||   197
Dodge: Dodged            |    56 |    66 ||   122

Notes
Turn   | Place    | Note
--------------------------------------------------------------
     0 | D:1      | Duffy the Formicid Skald began the quest for the Orb.
     0 | D:1      | Reached XP level 1. HP: 16/16 MP: 3/3
   168 | D:1      | Reached XP level 2. HP: 19/22 MP: 5/5
   630 | D:1      | Reached skill level 3 in Axes
   850 | D:1      | Reached XP level 3. HP: 23/27 MP: 6/6
  1661 | D:2      | Reached XP level 4. HP: 27/33 MP: 7/7
  1724 | D:2      | Reached skill level 4 in Axes
  2527 | D:3      | Found a shimmering altar of Xom.
  2891 | D:3      | Reached XP level 5. HP: 25/38 MP: 8/8
  3208 | D:3      | Found a sparkling altar of Nemelex Xobeh.
  3250 | D:3      | Reached skill level 5 in Axes
  3331 | D:3      | Found a stormy altar of Qazlal.
  3451 | D:4      | Found a snail-covered altar of Cheibriados.
  3459 | D:4      | Became a worshipper of Cheibriados the Contemplative
  3759 | D:4      | Noticed an ogre
  3768 | D:4      | Mangled by an ogre

Vault maps used:
D:1:      nicolae_arrival_memento_mori
D:2:      first_bread, serial_glass, glass_columns_a, glass_columns_a,
          minmay_strange_pillars, feat_on_display, item_on_display_a
D:3:      lemuel_crystal_altar, lemuel_coloured_pillars_altar, xom_butterflies,
          nicolae_underground_beach
D:4:      kennysheep_slug_shrine, minmay_temple_entry_statues_fountains,
          minmay_splitting_lines, st_stairs_13, nicolae_ru_awakened_eye

Vanquished Creatures
  An orc wizard
  An iguana
  4 adders
  An ooze
  A worm
  2 dart slugs
  2 giant geckos
  11 orcs
  A giant cockroach
  7 goblins
  6 hobgoblins
  8 jackals
  8 kobolds
  2 quokkas
  2 ball pythons
  10 bats
  2 giant newts
  6 rats
75 creatures vanquished.
